 Dungeon Crawl Stone Soup version 0.30-a0-800-g7c544603b3 (webtiles) character file.

Game seed: 5634919560294856169

136 Pimp the Sneak (level 4, -1/23 HPs)
             Began as a Spriggan Brigand on Feb 21, 2023.
             Slain by an orc
             ... wielding a +0 dagger
              (3 damage)
             ... on level 3 of the Dungeon.
             The game lasted 00:04:17 (1870 turns).

Pimp the Sneak (Spriggan Brigand)                   Turns: 1870, Time: 00:04:18

Health: -1/23      AC:  3    Str:  7    XL:     4   Next: 98%
Magic:  5/5        EV: 18    Int: 12    God:
Gold:   99         SH:  0    Dex: 18    Spells: 3/3 levels left

rFire   . . .      SeeInvis +    g - +1 dagger (drain)
rCold   . . .      Faith    .    (no shield)
rNeg    . . .      Spirit   .    b - +0 robe
rPois   .          Reflect  .    (helmet restricted)
rElec   .          Harm     .    c - +0 cloak
rCorr   .          Rampage  .    (gloves unavailable)
Will    .....                    (boots unavailable)
Stlth   ++++                     (no amulet)
HPRegen 0.23/turn                (no ring)
MPRegen 0.09/turn                (no ring)

@: very quick
A: very small, no large weapons, unfitting armour, see invisible, speed 3
a: no special abilities


You were on level 3 of the Dungeon.
You visited 1 branch of the dungeon, and saw 3 of its levels.

You collected 99 gold pieces.

Inventory:

Hand Weapons
 a - a +3 dagger
 g - a +1 dagger of draining (weapon)
Missiles
 d - 11 poisoned darts (quivered)
 e - 3 curare-tipped darts
 i - a throwing net
Armour
 b - a +0 robe (worn)
 c - a +0 cloak (worn)
Scrolls
 k - a scroll of poison
Potions
 f - a potion of degeneration
 h - a potion of heal wounds {unknown}
 l - a potion of resistance {unknown}
 m - a potion of curing {unknown}


   Skills:
 + Level 2.3 Fighting
 + Level 3.2 Short Blades
 + Level 2.8 Throwing
 + Level 3.0 Dodging
 + Level 6.7 Stealth


You had 3 spell levels left.
You didn't know any spells.
Your spell library contained the following spells:

 Spells                   Type           Power      Damage    Failure   Level
 Summon Small Mammal      Summ           0%         N/A       32%         1
 Ensorcelled Hibernation  Hex/Ice        0%         N/A       45%         2
 Poisonous Vapours        Pois/Air       0%         N/A       45%         2
 Call Canine Familiar     Summ           0%         N/A       69%         3
 Spider Form              Tmut/Pois      0%         N/A       69%         3
 Summon Guardian Golem    Hex/Summ       0%         N/A       69%         3
 Anguish                  Hex/Necr       0%         N/A       97%         4
 Eringya's Noxious Bog    Tmut/Pois      0%         N/A       100%        6


Dungeon Overview and Level Annotations

Branches:
Dungeon (3/15)

Altars:


Innate Abilities, Weirdness & Mutations

You are very small and have problems with some larger weapons.
You are too small for most types of armour.
You have supernaturally acute eyesight. (SInv)
You cover ground extremely quickly. (Speed+++)


Message History

The kobold throws a stone.
The stone closely misses you. The orc hits you with a +0 dagger.
The orc wizard casts a spell at you. The puff of flame misses you.
The puff of flame hits the orc!
The orc dies!
You closely miss the orc wizard.
The orc wizard is heavily wounded.
The orc wizard casts a spell at you. The puff of flame misses you.
The kobold completely misses you.
Things that are here:
a +0 dagger; an orc corpse The orc wizard barely misses you.
You closely miss the orc wizard.
The orc wizard is moderately wounded.
The kobold barely misses you.
The orc wizard mumbles some strange words.
The orc wizard flickers and vanishes for a moment.
The kobold closely misses you.
An orc comes into view. It is wielding a +0 dagger.
Things that are here:
a +0 dagger; an orc corpse You barely miss the kobold.
The kobold hits you with a +0 dagger.
The orc wizard hits you with a +1 dagger of speed.
You hit the kobold. You drain the kobold.
You kill the kobold!
The orc wizard gestures at you while chanting.
The puff of flame hits you!
* * * LOW HITPOINT WARNING * * *
You hit the orc wizard. You drain the orc wizard.
The orc wizard is almost dead.
The orc wizard hits you with a +1 dagger of speed.
* * * LOW HITPOINT WARNING * * *
You hit the orc wizard. You drain the orc wizard.
You kill the orc wizard!
Your Dodging skill increases to level 3!
Things that are here:
a +1 dagger of speed; a +0 robe; 2 scrolls of identify You closely miss the orc.
The orc hits you with a +0 dagger.
You die...

#.>..#.###++#P#.#
#.<..#..........#
#....##..†.......
######..†........
###...........
##.....(.......
#..##.....:....
#######.#..........##
#....o@)..#######..#
#..#####)### #... #.#
##. #.# #.# ..# .## .


You could see an orc.

Vanquished Creatures
  An iguana (D:3)
  An orc wizard (D:3)
  3 adders
  2 worms (D:2)
  A dart slug (D:2)
  8 ball pythons
  5 endoplasms
  A giant cockroach (D:1)
  7 goblins
  4 hobgoblins
  2 jackals (D:2)
  2 quokkas (D:2)
  2 bats (D:2)
  4 frilled lizards
  7 kobolds
  3 rats
53 creatures vanquished.

Vanquished Creatures (others)
  An orc (D:3)
  A fungus (D:2)
2 creatures vanquished.

Grand Total: 55 creatures vanquished

Notes
Turn   | Place    | Note
-------+----------+-------------------------------------------
     0 | D:1      | Pimp the Spriggan Brigand began the quest for the Orb.
     0 | D:1      | Reached XP level 1. HP: 10/10 MP: 2/2
   297 | D:1      | Reached skill level 6 in Stealth
   347 | D:1      | Reached XP level 2. HP: 15/15 MP: 3/3
   977 | D:2      | Reached XP level 3. HP: 18/18 MP: 4/4
  1008 | D:2      | Got the Monograph on Contaminants
  1238 | D:2      | Found a faded altar of an unknown god.
  1560 | D:2      | Reached XP level 4. HP: 18/23 MP: 5/5
  1867 | D:3      | HP: 1/23 [orc wizard/+1 dagger of speed (3)]
  1870 | D:3      | Slain by an orc

Illustrated notes

Levels and vault maps discovered:
D:1:      nicolae_arrival_somewhat_less_tricky_arrival, layout_loops_ring,
          serial_rivers, chequers_serial_rivers_micro_e,
          chequers_serial_rivers_micro_c, chequers_serial_rivers_large_a,
          chequers_serial_rivers_room_b
D:2:      layout_basic, shapermc_ecumenical_altar_ellora
D:3:      cheibrodos_old_hovel, layout_rooms

Skill      XL: |  1  2  3  4 |
---------------+-------------+-----
Stealth        | 6 |  6.7
Dodging        | 2 3 |  3.0
Fighting       | 2 |  2.3
Short Blades   | 3 |  3.2
Throwing       | |  2.8

Action                     |  1- 3 |  4- 6 || total
---------------------------+-------+-------++-------
  Melee: Dagger            |   119 |    45 ||   164
         Punch             |     2 |     1 ||     3
    Use: Scroll            |     3 |       ||     3
   Stab: Sleeping          |    15 |       ||    15
 Armour: Robe              |    14 |     6 ||    20
  Dodge: Dodged            |    90 |    45 ||   135

Table legend: (Time is in decaauts)
 A = Elapsed time spent in this place.
 B = Non-inter-level travel time spent in this place.
 C = Inter-level travel time spent in this place.
 D = Time resting spent in this place.
 E = Time spent auto-exploring this place.
 F = Levels seen in this place.
 G = Mean time per level.
                   A        B        C        D        E       F      G
               +--------+--------+--------+--------+--------+-----+--------+
         Total |   1294 |   1271 |     23 |    100 |    830 |   3 |  431.3 |
       Dungeon |   1294 |   1271 |     23 |    100 |    830 |   3 |  431.3 |
               +--------+--------+--------+--------+--------+-----+--------+

Top non-repeatable levels by time:
     D:2: 631 daAuts
     D:1: 614 daAuts
     D:3: 48 daAuts
